 Dungeon Crawl Stone Soup version 0.30-a0-748-ge6a52f7cba (webtiles) character file.

Game seed: 9082291336320589645

40405 browni3141 the Cleaver (level 13, -2/103 HPs)
             Began as a Mummy Cinder Acolyte on Feb 9, 2023.
             Was an Initiate of Ignis.
             Killed by an exploding death yak (10 damage)
             ... ignited by their inner flame
             ... on level 3 of the Lair of Beasts.
             The game lasted 01:04:26 (22856 turns).

browni3141 the Cleaver (Mummy Cinder Acolyte)      Turns: 22856, Time: 01:04:26

Health: -2/103     AC: 19    Str: 18    XL:     13   Next: 74%
Magic:  18/24      EV: 29    Int: 21    God:    Ignis [......]
Gold:   333        SH:  9    Dex:  5    Spells: 13/27 levels left

rFire   + . .      SeeInvis .    G - +0 war axe (elec)
rCold   + . .      Faith    +    m - +0 kite shield
rNeg    + + +      Spirit   .    M - +0 acid dragon scales
rPois   ∞          Reflect  .    H - +1 helmet of Midwinter {rElec rF+ Int+4 Dex-3 Stlth+}
rElec   +          Harm     .    F - +2 cloak
rCorr   +          Rampage  .    R - +1 pair of gloves
Will    +....                    L - +0 pair of boots
Stlth   ++                       s - amulet of the acrobat
HPRegen 0.37/turn                g - +4 ring of protection
MPRegen 0.19/turn                n - +5 ring of evasion

@: about to teleport, acrobatic, studying Short Blades
A: cold resistance 1, negative energy resistance 3, torment resistance 2, heat
vulnerability 1, in touch with death 2, no potions, faith
a: Renounce Religion, Rising Flame


You were on level 3 of the Lair of Beasts.
You worshipped Ignis.
Ignis was noncommittal.
You visited 3 branches of the dungeon, and saw 16 of its levels.
You also visited: Sewer.

You collected 1386 gold pieces.
You spent 1053 gold pieces at shops.

Inventory:

Hand Weapons
 a - a +2 dagger of pain
 b - a +0 sling
 d - a -1 hand axe of flaming
 u - a +1 short sword of electrocution
 G - a +0 war axe of electrocution (weapon)
Missiles
 t - 8 poisoned darts
 v - a curare-tipped dart
 C - a throwing net
Armour
 e - a +0 robe
 f - a +0 helmet
 i - a +0 ring mail
 m - a +0 kite shield (worn)
 z - a +2 robe of willpower
 E - +0 steam dragon scales
 F - a +2 cloak (worn)
 H - the +1 helmet of Midwinter (worn) {rElec rF+ Int+4 Dex-3 Stlth+}
   (You bought it in a shop on level 3 of the Dungeon)

   Int:       It affects your intelligence (+4).
   Dex:       It affects your dexterity (-3).
   rF:        It protects you from fire.
   rElec:     It insulates you from electricity.
   Stlth:     It makes you more stealthy.
 I - a +0 pair of gloves
 L - a +0 pair of boots (worn)
 M - +0 acid dragon scales (worn)
 P - a +0 hat of see invisible
 R - a +1 pair of gloves (worn)
 S - +0 fire dragon scales
Jewellery
 g - a +4 ring of protection (left hand)
 k - an amulet of guardian spirit
 n - a +5 ring of evasion (right hand)
 s - an amulet of the acrobat (around neck)
 A - a ring of protection from cold
 D - a ring of willpower
 Q - a ring of magical power
 U - a ring of ice
Wands
 x - a wand of flame (21)
 B - a wand of quicksilver (1)
 J - a wand of paralysis (6)
 O - a wand of polymorph (6)
Scrolls
 c - 5 scrolls of identify
 h - 2 scrolls of immolation
 j - 6 scrolls of teleportation
 l - 4 scrolls of fog
 o - a scroll of vulnerability
 p - a scroll of acquirement {unknown}
 q - 3 scrolls of enchant weapon
 r - a scroll of noise {unknown}
 w - 2 scrolls of magic mapping
 y - 2 scrolls of brand weapon
 K - a scroll of amnesia
 N - a scroll of enchant armour


   Skills:
 - Level 10.0 Fighting
 * Level 11.3 Axes
 * Level 3.0 Armour
 - Level 1.0 Stealth
 - Level 10.0 Shields
 * Level 7.6 Spellcasting
 - Level 6.0 Hexes
 - Level 5.0 Summonings
 * Level 3.3 Necromancy
 - Level 3.0 Fire Magic
 - Level 0.8 Air Magic
 - Level 5.0 Evocations


You had 13 spell levels left.
You knew the following spells:

 Your Spells              Type           Power      Damage    Failure   Level
a - Scorch                Fire           40%        2d7       11%         2
b - Summon Guardian Gole  Hex/Summ       31%        N/A       8%          3
c - Summon Mana Viper     Hex/Summ       31%        N/A       56%         5
d - Summon Lightning Spi  Summ/Air       20%        N/A       58%         4

Your spell library contained the following spells:

 Spells                   Type           Power      Damage    Failure   Level
 Confusing Touch          Hex            33%        N/A       6%          3
 Kiss of Death            Conj/Necr      100%       2d13      12%         1
 Cigotuvi's Dreadful Rot  Necr/Pois/Air  62%        N/A       21%         2
 Cause Fear               Hex            16%        N/A       21%         4
 Dispel Undead            Necr           50%        3d19      52%         4
 Airstrike                Air            5%         2d(1-17)  86%         4
 Summon Forest            Summ/Tloc      9%         N/A       94%         5
 Fireball                 Conj/Fire      7%         3d5       98%         5
 Lightning Bolt           Conj/Air       4%         1d16      99%         5
 Summon Cactus Giant      Summ           14%        N/A       99%         6
 Iskenderun's Battlesphe  Conj           8%         2d6       100%        5
 Conjure Ball Lightning   Conj/Air       4%         3x3d6     100%        6
 Death Channel            Necr           25%        N/A       100%        6
 Orb of Destruction       Conj           4%         9d5       100%        7
 Spellforged Servitor     Conj/Summ      9%         N/A       100%        7
 Dragon's Call            Summ           14%        N/A       100%        9
 Dragon Form              Tmut           Unusable   N/A       N/A         7

Dungeon Overview and Level Annotations

Branches:
Dungeon (11/15)            Temple (0/1) D:5            Lair (3/5) D:11
 Spider (0/4) Lair:2          Orc (2/2) D:11            Elf (0/3) Orc:2
  Sewer (visited)
  Swamp: Lair:2-3    Shoals: Lair:2-3

Altars:
Cheibriados
Dithmenos
Fedhas
Makhleb
Nemelex Xobeh
Okawaru
Qazlal
Trog
Uskayaw
Vehumet
Xom
Yredelemnul

Shops:
D:3 [([[[   D:8 [!   D:9 ?(:=   Orc:2 (!?[

Annotations:
D:10 6 runed translucent doors
Lair:2 Lanacter's ghost, journeyman DEHu
Lair:3 Snorg


Innate Abilities, Weirdness & Mutations

You are immune to poison.
Your flesh is cold resistant. (rC+)
You are immune to negative energy. (rN+++)
You are immune to unholy pain and torment.
You are vulnerable to heat. (rF-)
You are strongly in touch with the powers of death.
You do not drink.
You have a special connection with the divine. (Faith)


Message History

Confirm with . or Enter, or press ? or * to list all spells.
Okay, then.
Unknown command.
Okay, then.
Unknown command.
Okay, then.
Unknown command.
You are engulfed in blazing flames.
You resist.
* * * LOW HITPOINT WARNING * * *
The death yak is engulfed in blazing flames.
Flame seeps out of the death yak.
The death yak completely misses you.
The death yak is engulfed in blazing flames.
Flame seeps out of the death yak.
The death yak completely misses you.
The death yak is engulfed in blazing flames.
Flame seeps out of the death yak.
You block the death yak's attack.
Unknown command.
You are engulfed in blazing flames.
You resist.
* * * LOW HITPOINT WARNING * * *
The death yak is engulfed in blazing flames.
Flame seeps out of the death yak.
The death yak completely misses you.
The death yak is engulfed in blazing flames.
The death yak explodes!
The fiery explosion engulfs you. You resist.
* * * LOW HITPOINT WARNING * * *
The fiery explosion engulfs the death yak!!!
Flame seeps out of the death yak.
The death yak is almost dead.
The death yak is engulfed in blazing flames.
Flame seeps out of the death yak.
The death yak is engulfed in blazing flames.
The death yak explodes!
The fiery explosion engulfs you! You resist.
* * * LOW HITPOINT WARNING * * *
The fiery explosion engulfs the death yak!!!
Flame seeps out of the death yak.
The death yak is severely wounded.
The fiery explosion engulfs the death yak!!
The death yak explodes!
The fiery explosion engulfs you! You resist.
You die...

..........
#.........
#.........
#........#
#.........#
#§§.........
##§§§.........
#@§Y§..Y......
##§§§.........
#Y§○.........
#####...........>
........÷.........
.P..#.............
... #...[.........
. #.............
+.P.............


You could see 3 death yaks.

Vanquished Creatures
  Gastronok (Lair:3)
  Josephine (Orc:2)
  Erica (D:9)
  16 two-headed ogres
  4 ogre magi (Orc:2)
  4 death yaks (Lair:3)
  An orc high priest (Orc:1)
  An orc sorcerer (Orc:2)
  4 elephants (Lair:2)
  A gargoyle (D:11)
  A black mamba (D:11)
  An unseen horror (D:11)
  6 cane toads
  4 komodo dragons
  A queen bee (D:11)
  4 trolls
  Grinder (D:6)
  10 blink frogs
  2 jumping spiders
  Sigmund (D:6)
  2 wyverns
  5 wraiths
  3 yaks (Lair:1)
  2 basilisks
  5 redbacks
  2 steam dragons
  2 wargs (Orc:2)
  Duvessa (D:5)
  3 acid dragons
  7 water moccasins
  15 orc warriors
  3 ice beasts
  A sky beast (D:7)
  A black bear (Lair:2)
  3 wolves (Lair:2)
  23 ogres
  3 centaurs
  2 kobold brigands (Sewer)
  2 phantoms
  2 scorpions
  2 gnoll sergeants (D:7)
  6 bullfrogs
  A necrophage (D:6)
  4 wights (D:10)
  Dowan (D:5)
  26 killer bees
  8 howler monkeys
  3 jellies
  4 hounds
  8 orc priests
  5 iguanas
  Terence (D:2)
  28 orc wizards
  Natasha (thrice) (D:3)
  Robin (D:1)
  13 gnolls
  2 river rats (Sewer)
  6 adders
  A shadow imp (D:5)
  3 white imps
  2 worms
  3 dart slugs
  74 orcs
  14 ball pythons
  6 bats
  5 endoplasms
  2 giant cockroaches
  17 goblins
  6 hobgoblins
  10 jackals
  9 quokkas
  A frilled lizard (D:2)
  9 kobolds
  6 rats
442 creatures vanquished.

Vanquished Creatures (others)
  Fannar (Lair:2)
  A hydra (Lair:3)
  2 two-headed ogres (Orc:2)
  2 death yaks (Lair:3)
  An orc warrior (Orc:2)
  4 ogres (Orc:2)
  An orc wizard (Orc:2)
  66 foxfires
  8 fungi
  11 plants
97 creatures vanquished.

Grand Total: 539 creatures vanquished

Notes
Turn   | Place    | Note
-------+----------+-------------------------------------------
     0 | D:1      | browni3141 the Mummy Cinder Acolyte began the quest for the
                  | Orb.
     0 | D:1      | Reached XP level 1. HP: 18/18 MP: 2/2
    78 | D:1      | Reached skill level 1 in Stealth
   152 | D:1      | Reached XP level 2. HP: 24/24 MP: 4/4
   185 | D:1      | Reached skill level 3 in Axes
   345 | D:1      | Gained mutation: You are in touch with the powers of death.
                  | [Mummy growth]
   345 | D:1      | Reached XP level 3. HP: 29/29 MP: 5/5
   799 | D:2      | Noticed Robin
   851 | D:1      | Learned a level 2 spell: Scorch
   940 | D:1      | Killed Robin
  1134 | D:2      | Reached XP level 4. HP: 33/35 MP: 1/6
  1656 | D:2      | Noticed Terence
  1677 | D:2      | Killed Terence
  1678 | D:2      | Reached skill level 4 in Axes
  2108 | D:2      | Reached XP level 5. HP: 37/41 MP: 8/8
  2173 | D:3      | Found Olioloh's Armour Shop.
  2346 | D:3      | Noticed a phantom
  2361 | D:3      | Killed a phantom
  2424 | D:3      | Found Ehina's Antique Armour Boutique.
  2439 | D:3      | Found Tiev's Antique Armour Boutique.
  2444 | D:3      | Noticed Natasha
  2450 | D:3      | Killed Natasha
  2568 | D:3      | Reached skill level 5 in Axes
  2640 | D:3      | Found a radiant altar of Vehumet.
  2664 | D:3      | Found Bumyttopn's Armour Shop.
  2702 | D:3      | Noticed Natasha
  2706 | D:3      | Killed Natasha
  2707 | D:3      | Reached XP level 6. HP: 47/47 MP: 4/9
  2811 | D:3      | Found Koipp's Weapon Shoppe.
  2936 | D:3      | Noticed Natasha
  2942 | D:3      | Killed Natasha
  3406 | D:4      | Reached skill level 5 in Spellcasting
  3721 | D:4      | Found an iron altar of Okawaru.
  3723 | D:4      | Found a stormy altar of Qazlal.
  3724 | D:4      | Found a shimmering altar of Xom.
  3725 | D:4      | Found a shadowy altar of Dithmenos.
  3726 | D:4      | Found a hide-covered altar of Uskayaw.
  3802 | D:4      | Reached XP level 7. HP: 52/52 MP: 7/15
  4654 | D:4      | Found a bloodstained altar of Trog.
  4791 | D:5      | Entered Level 5 of the Dungeon
  4802 | D:5      | Found a sparkling altar of Nemelex Xobeh.
  5024 | D:5      | Reached skill level 1 in Shields
  5099 | D:5      | Found a staircase to the Ecumenical Temple.
  5232 | D:5      | Noticed Dowan
  5266 | D:5      | Killed Dowan
  5378 | D:5      | Noticed Duvessa
  5383 | D:5      | Killed Duvessa
  6269 | D:6      | Noticed Grinder
  6269 | D:6      | Noticed Sigmund
  6273 | D:6      | Killed Grinder
  6274 | D:6      | Reached XP level 8. HP: 60/60 MP: 17/17
  6275 | D:6      | Killed Sigmund
  6280 | D:6      | Found a burning altar of Makhleb.
  6296 | D:6      | Reached skill level 5 in Shields
  6646 | D:6      | Found a glowing drain.
  6650 | Sewer    | Entered a sewer
  7293 | D:6      | Reached XP level 9. HP: 65/65 MP: 11/18
  7488 | D:7      | Found a basalt altar of Yredelemnul.
  9096 | D:7      | Found a blossoming altar of Fedhas.
  9447 | D:8      | Found Lucewn's Distillery.
  9623 | D:8      | Found a transporter.
  9650 | D:8      | Found Yvio's Armour Shop.
  9659 | D:8      | Reached skill level 1 in Evocations
  9951 | D:8      | Found a transporter.
  9969 | D:8      | Found a transporter.
  9990 | D:8      | Noticed a two-headed ogre
  9991 | D:8      | Found a transporter.
  9997 | D:8      | Killed a two-headed ogre
  9998 | D:8      | Reached XP level 10. HP: 73/73 MP: 16/19
 10376 | D:3      | Bought the +1 helmet of Midwinter {rElec rF+ Int+4 Dex-3
                  | Stlth+} for 354 gold pieces
 10525 | D:9      | Found Pome's Weapon Boutique.
 10555 | D:9      | Found Banor's Book Shop.
 10847 | D:9      | Found a snail-covered altar of Cheibriados.
 11002 | D:9      | Reached skill level 5 in Fighting
 11101 | D:9      | Noticed Erica
 11123 | D:9      | Killed Erica
 11242 | D:9      | Found Wost's Jewellery Boutique.
 11281 | D:9      | Found Tunokk's Magic Scroll Boutique.
 11649 | D:10     | Entered Level 10 of the Dungeon
 11776 | D:10     | Found a runed translucent door.
 11862 | D:10     | Reached skill level 6 in Axes
 13280 | D:10     | Found a runed translucent gate.
 13280 | D:10     | Found a runed translucent gate.
 13280 | D:10     | Found a runed translucent gate.
 13280 | D:10     | Found a runed translucent gate.
 13280 | D:10     | Found a runed translucent gate.
 13280 | D:10     | Noticed a lindwurm
 13280 | D:10     | Noticed a boulder beetle
 13281 | D:10     | Found a runed translucent gate.
 13282 | D:10     | Noticed a boulder beetle
 13356 | D:11     | Noticed a gargoyle
 13469 | D:11     | Killed a gargoyle
 13470 | D:11     | Reached skill level 10 in Shields
 13836 | D:11     | Reached XP level 11. HP: 79/83 MP: 8/20
 13965 | D:11     | Noticed a two-headed ogre
 13982 | D:11     | Killed a two-headed ogre
 13985 | D:11     | Reached skill level 7 in Axes
 14196 | D:11     | Found a staircase to the Lair.
 14219 | D:11     | Found a staircase to the Orcish Mines.
 14401 | Lair:1   | Entered Level 1 of the Lair of Beasts
 14423 | D:11     | Reached skill level 5 in Evocations
 14714 | Orc:1    | Entered Level 1 of the Orcish Mines
 14769 | Orc:1    | Noticed an orc high priest
 14777 | Orc:1    | Killed an orc high priest
 14778 | Orc:1    | Reached skill level 8 in Axes
 15212 | D:9      | Bought a book of Dangerous Friends for 400 gold pieces
 15216 | D:9      | Learned a level 3 spell: Summon Guardian Golem
 15312 | Orc:2    | Entered Level 2 of the Orcish Mines
 15312 | Orc:2    | Noticed an orc sorcerer
 15327 | Orc:2    | Found a staircase to the Elven Halls.
 15339 | Orc:2    | Killed an orc sorcerer
 15340 | Orc:2    | Reached skill level 1 in Hexes
 15340 | Orc:2    | Reached skill level 1 in Summonings
 15456 | Orc:2    | Noticed Josephine
 15464 | Orc:2    | Killed Josephine
 15829 | Orc:2    | Noticed a two-headed ogre
 16052 | D:3      | Bought a pair of glowing gloves for 202 gold pieces
 16402 | Orc:2    | Noticed a two-headed ogre
 16402 | Orc:2    | Noticed a two-headed ogre
 16402 | Orc:2    | Noticed a two-headed ogre
 16402 | Orc:2    | Noticed a two-headed ogre
 16402 | Orc:2    | Noticed a two-headed ogre
 16404 | Orc:2    | Noticed an ogre mage
 16405 | Orc:2    | Killed a two-headed ogre
 16405 | Orc:2    | Killed a two-headed ogre
 16405 | Orc:2    | Killed a two-headed ogre
 16405 | Orc:2    | Killed a two-headed ogre
 16405 | Orc:2    | Killed a two-headed ogre
 16405 | Orc:2    | Killed a two-headed ogre
 16405 | Orc:2    | Killed an ogre mage
 16406 | Orc:2    | Reached skill level 5 in Hexes
 16406 | Orc:2    | Reached XP level 12. HP: 73/92 MP: 21/21
 16412 | Orc:2    | Noticed an ogre mage
 16413 | Orc:2    | Noticed an ogre mage
 16414 | Orc:2    | Noticed a two-headed ogre
 16419 | Orc:2    | Noticed a two-headed ogre
 16421 | Orc:2    | Noticed a two-headed ogre
 16438 | Orc:2    | Killed a two-headed ogre
 16439 | Orc:2    | Reached skill level 5 in Summonings
 16440 | Orc:2    | Killed a two-headed ogre
 16446 | Orc:2    | Killed an ogre mage
 16827 | Orc:2    | Noticed a two-headed ogre
 16841 | Orc:2    | Killed a two-headed ogre
 17084 | Orc:2    | Killed an ogre mage
 17101 | Orc:2    | Killed a two-headed ogre
 17102 | Orc:2    | Noticed a two-headed ogre
 17111 | Orc:2    | Killed a two-headed ogre
 17112 | Orc:2    | Reached skill level 9 in Axes
 17225 | Orc:2    | Noticed an ogre mage
 17252 | Orc:2    | Killed an ogre mage
 17309 | Orc:2    | Noticed a two-headed ogre
 17491 | Orc:2    | Killed a two-headed ogre
 17635 | Orc:2    | Noticed a two-headed ogre
 17672 | Orc:2    | Killed a two-headed ogre
 17761 | Orc:2    | Noticed a two-headed ogre
 17789 | Orc:2    | Killed a two-headed ogre
 17890 | Orc:2    | Noticed a two-headed ogre
 17910 | Orc:2    | Reached skill level 10 in Fighting
 17911 | Orc:2    | Killed a two-headed ogre
 17912 | Orc:2    | Gained mutation: You are strongly in touch with the powers
                  | of death. [Mummy growth]
 17912 | Orc:2    | Reached XP level 13. HP: 48/103 MP: 15/22
 18083 | Orc:2    | Found Kiguob's Antique Weapon Shop.
 18083 | Orc:2    | Found Meizischa's Magic Scroll Shoppe.
 18084 | Orc:2    | Found Rune's Distillery.
 18084 | Orc:2    | Found Gorgh's Armour Boutique.
 18121 | Orc:2    | Reached skill level 10 in Axes
 19274 | Orc:2    | Bought a scroll of blinking for 97 gold pieces
 19924 | Lair:1   | Found a large runed translucent door.
 19924 | Lair:1   | Found a large runed translucent door.
 19949 | Lair:1   | Noticed Lanacter's ghost (journeyman DEHu)
 20562 | Lair:1   | Learned a level 5 spell: Summon Mana Viper
 20567 | Lair:1   | Learned a level 4 spell: Summon Lightning Spire
 20931 | Lair:2   | Found a hole to the Spider Nest.
 21419 | Lair:2   | Reached skill level 1 in Armour
 21775 | Lair:2   | Reached skill level 1 in Necromancy
 21784 | Lair:2   | Reached skill level 11 in Axes
 22478 | Lair:3   | Noticed Gastronok
 22491 | Lair:3   | Noticed Fannar
 22494 | Lair:3   | Killed Gastronok
 22555 | Lair:3   | Noticed Snorg
 22609 | Lair:2   | Killed Fannar
 22856 | Lair:3   | Killed by an exploding death yak... ignited by their inner
                  | flame

Illustrated notes

Levels and vault maps discovered:
D:1:      tarquinn_simple_flora_water_c, layout_basic
D:2:      layout_loops_ring, uniq_terence, uniq_robin
D:3:      layout_basic, overflow_temple_1_default, serial_shops, shop,
          nicolae_shop_trees, shop_fountains, nicolae_shop_bloodbath_and_beyond,
          nicolae_shop_advertising_works [nicolae_subvault_shop_adworks],
          uniq_natasha
D:4:      layout_loops_corners, marbit_many_paths, grunt_temple_overflow_open
D:5:      layout_gridville, lemuel_round_altar, minmay_temple_entry_crystal_x,
          serial_co_window_serial, co_window_paths_a, co_window_corner_a,
          co_window_corner_a, co_window_paths_b, co_window_corner_a,
          co_window_paths_b, co_window_corner_a, co_window_of_opportunity_a,
          co_window_paths_b, co_window_broadway_b, co_window_broadway_b,
          co_window_unsneaky_path_a, co_window_2corner, co_window_cross_2,
          glass_columns_a, glass_columns_a, glass_columns_a, glass_columns_a,
          glass_columns_a, uniq_duvessa
D:6:      layout_basic, mainiacjoe_overflow_tiny_flanked,
          gup_sewer_entry_spiral, uniq_grinder, uniq_sigmund
D:7:      layout_layer_cave, gammafunk_temple_overflow_wave,
          yredelemnul_altar_generic
D:8:      layout_rooms, serial_shops, nicolae_shop_crystal, nicolae_square_shop,
          nicolae_transporter_intersection
D:9:      layout_gridville, general_overflow_altar, serial_shops,
          kennysheep_mini_moat, shop, shop, nicolae_shop_statue_plus, uniq_erica
D:10:     gammafunk_indiana_jones, layout_layer_cave, hangedman_decor_lopped,
          amcnicky_mini_rare_corridor_liquid
D:11:     layout_rooms, lair_entry_dummy, orc_0_dummy, chequers_jeans
Lair:1:   layout_small_grid, special_room [special_room_bee],
          ebering_ghost_disaster_area
Lair:2:   layout_hall_layers, spider_nest_entry_a, lemuel_fruit_tree
Lair:3:   layout_chaotic_city, nicolae_shoals_entry_roost, uniq_gastronok,
          uniq_fannar, uniq_snorg
Orc:1:    layout_caves
Orc:2:    st_orc_ogre_mass, layout_diamond_mine, special_room, uniq_josephine

Skill      XL: |  1  2  3  4  5  6  7  8  9 10 11 12 13 |
---------------+----------------------------------------+-----
Stealth        | 1 |  1.0
Axes           | 3 4 5 6 8 9 11 | 11.3
Spellcasting   | 2 5 6 7 |  7.6
Fire Magic     | 3 |  3.0
Shields        | 4 7 9 10 | 10.0
Fighting       | 4 6 8 10 | 10.0
Evocations     | 1 4 5 |  5.0
Hexes          | 5 6 |  6.0
Summonings     | 4 5 |  5.0
Armour         | 3 |  3.0
Necromancy     | 3 |  3.3
Air Magic      | |  0.8

Action                     |  1- 3 |  4- 6 |  7- 9 | 10-12 | 13-15 || total
---------------------------+-------+-------+-------+-------+-------++-------
  Melee: Hand axe          |    45 |    60 |    48 |       |       ||   153
         Dagger            |    93 |    55 |       |       |       ||   148
         Punch             |     2 |     3 |       |       |       ||     5
         Short sword       |       |       |    58 |       |       ||    58
         War axe           |       |       |       |   369 |   280 ||   649
   Cast: Scorch            |     7 |    53 |   174 |   123 |    62 ||   419
         Summon Guardian G |       |       |       |    15 |     5 ||    20
 Invoke: Fiery Armour      |     1 |     2 |       |     2 |     2 ||     7
         Foxfire Swarm     |       |       |     1 |     2 |     1 ||     4
  Evoke: Wand              |       |       |    15 |    24 |     1 ||    40
    Use: Scroll            |       |       |     7 |     9 |     8 ||    24
   Stab: Sleeping          |     2 |       |       |     1 |       ||     3
         Paralysed         |       |       |       |     1 |       ||     1
 Armour: Robe              |    33 |     1 |       |    32 |    51 ||   117
         Ring mail         |       |    66 |    76 |       |       ||   142
         Acid dragon scale |       |       |       |   160 |   146 ||   306
         Steam dragon scal |       |       |       |    42 |       ||    42
  Dodge: Dodged            |    99 |    75 |   158 |   267 |   262 ||   861
  Block: Kite shield       |       |       |    52 |   281 |   214 ||   547

Table legend: (Time is in decaauts)
 A = Elapsed time spent in this place.
 B = Non-inter-level travel time spent in this place.
 C = Inter-level travel time spent in this place.
 D = Time resting spent in this place.
 E = Time spent auto-exploring this place.
 F = Levels seen in this place.
 G = Mean time per level.
                   A        B        C        D        E       F      G
               +--------+--------+--------+--------+--------+-----+--------+
         Total |  23147 |  20972 |   2175 |   2996 |  13509 |  17 | 1361.6 |
       Dungeon |  15336 |  13709 |   1627 |   1403 |   9815 |  11 | 1394.2 |
          Lair |   3432 |   3179 |    253 |    632 |   1793 |   3 | 1144.0 |
  Orcish Mines |   3968 |   3674 |    294 |    868 |   1671 |   2 | 1984.0 |
         Sewer |    409 |    409 |      0 |     93 |    230 |   1 |  409.0 |
               +--------+--------+--------+--------+--------+-----+--------+

Top non-repeatable levels by time:
   Orc:2: 3144 daAuts
    D:10: 1918 daAuts
  Lair:1: 1756 daAuts
     D:4: 1712 daAuts
    D:11: 1599 daAuts
     D:7: 1578 daAuts
  Lair:2: 1440 daAuts
     D:5: 1428 daAuts
     D:6: 1353 daAuts
     D:9: 1324 daAuts
     D:3: 1181 daAuts
     D:2: 1163 daAuts
     D:8: 1055 daAuts
     D:1: 1021 daAuts
   Orc:1: 824 daAuts
